cohdb
Replays
Latest Replays
All Replays
Popular Replays
Top Player Replays
Match Explorer
How It Works
Community
CoH3 Stats
Reddit
Sign in to upload your games and track your stats! →
Sign in with Steam
Match 43768953
Unlisted
Match 43768953
Overview
Messages
Build Orders
End
Panzergrenadier Squad
Selects Italian Infantry
Panzergrenadier Squad
Construct Light Support Kompanie
Panzergrenadier Squad
2.5-tonne Medical Truck
Construct Mechanized Kompanie
Veteran Squad Leaders
8 Rad Armored Car
Selects Guastatori Squad
Selects Registered Artillery
Marder III Tank Destroyer
Vehicle Survival Package
Tungsten Core Ammunition
Selects Towed Cannone da 105/28 Field Howitzer
Towed Cannone da 105/28 Field Howitzer
Advanced Field Repairs
Construct Panzerarmee Kommand
Selects Defensive Operations
Selects Territory Booby Traps
Walking Stuka Rocket Launcher
Emergency Repair Kits
Armored Reserves
Tiger Heavy Tank
Gungnir
BigWillis
Joraad
Lun4_Nov4
Apocalips
Thunderstone
wickedlucigamer
Surge
0
0
Comments
sign in to comment!
No comments posted yet!